 Dungeon Crawl Stone Soup version 0.22-a0-570-g58866f5 (webtiles) character file.

22615 vinnietd the Bludgeoner (level 12, -3/117 HPs)
             Began as a Minotaur Fighter on June 30, 2018.
             Was a High Priest of Okawaru.
             Slain by Donald
             ... wielding a cursed +0 scimitar
              (15 damage)
             ... on level 1 of the Orcish Mines.
             The game lasted 00:25:32 (16790 turns).

vinnietd the Bludgeoner (Minotaur Fighter)         Turns: 16790, Time: 00:25:32

Health: -3/117     AC: 21    Str: 27    XL:     12   Next: 64%
Magic:  15/16      EV:  8    Int:  5    God:    Okawaru [*****.]
Gold:   946        SH: 12    Dex: 14    Spells: 11/11 levels left

rFire    + + +     SeeInvis .   F - +2 flail (distort)
rCold    + . .     Gourm    .   c - +0 shield
rNeg     . . .     Faith    +   b - +1 plate armour
rPois    +         Spirit   .   (helmet restricted)
rElec    .         Reflect  .   n - scarf {repulsion}
rCorr    .         Harm     .   P - +2 pair of gloves
MR       .....                  O - +2 pair of boots "Hicrusev" {*Drain rF+++ rC+ Dex+5}
Stlth    ..........             E - amulet of faith
HPRegen  0.29/turn              z - +1 ring of slaying
MPRegen  0.15/turn              y - ring of protection from fire

@: heroism, drained, repel missiles
A: retaliatory headbutt, horns 2, talons 1, poison resistance
a: Heroism, Finesse, Renounce Religion


You were on level 1 of the Orcish Mines.
You worshipped Okawaru.
Okawaru was extremely pleased with you.
You were not hungry.

You visited 3 branches of the dungeon, and saw 15 of its levels.
You also visited: Ossuary.

You collected 1141 gold pieces.
You spent 195 gold pieces at shops.

Inventory:

Hand Weapons
 F - a +2 flail of distortion (weapon)
Missiles
 q - 13 tomahawks of returning (quivered)
 t - 2 throwing nets
Armour
 b - a +1 plate armour (worn)
 c - a +0 shield (worn)
 n - a scarf of repulsion (worn)
 O - the +2 pair of boots "Hicrusev" (worn) {*Drain rF+++ rC+ Dex+5}
   (You found it on level 12 of the Dungeon)

   It affects your dexterity (+5).
   It renders you almost immune to fire.
   It protects you from cold.
   It causes draining when unequipped.
 P - a +2 pair of gloves (worn)
Jewellery
 s - an uncursed ring of flight
 y - a ring of protection from fire (right hand)
 z - a +1 ring of slaying (left hand)
 A - an uncursed ring of stealth
 E - an amulet of faith (around neck)
 G - an uncursed ring of protection from fire
 K - a +3 ring of protection {unknown}
 N - an uncursed amulet of the acrobat {unknown}
Wands
 v - a wand of polymorph (16)
 I - a wand of paralysis (15)
 L - a wand of digging (18)
Scrolls
 a - 2 scrolls of magic mapping
 d - a scroll of noise
 e - 5 scrolls of remove curse {@r2}
 j - 9 scrolls of identify {@r1}
 l - 4 scrolls of teleportation
 o - a scroll of fog
 p - 4 scrolls of enchant weapon
 r - 2 scrolls of amnesia
 w - 3 scrolls of enchant armour
 M - a scroll of blinking
Potions
 g - 2 potions of might
 h - 5 potions of curing {@q1}
 i - a potion of flight
 m - 2 potions of cancellation
 u - a potion of agility {unknown}
 x - 3 potions of haste
 B - a potion of heal wounds {unknown}
 D - 2 potions of magic {unknown}
 H - a potion of degeneration {unknown}
 J - a potion of brilliance
Comestibles
 f - 26 rations


   Skills:
 + Level 14.0(18.3) Fighting
 - Level 15.4(19.6) Maces & Flails
   Level 2.6(7.0) Crossbows
 + Level 8.3(12.7) Throwing
 - Level 3.6(8.0) Armour
 - Level 3.6(8.0) Shields
 + Level 7.9(7.4) Invocations


You had 11 spell levels left.
You didn't know any spells.
Your spell library contained the following spells:

 Spells                   Type           Power        Failure   Level  Hunger
 Summon Small Mammal      Summ           #...         100%        1    ##.....
 Summon Ice Beast         Ice/Summ       #.......     100%        4    #####..
 Call Imp                 Summ           #.......     100%        2    ###....
 Call Canine Familiar     Summ           #.......     100%        3    ####...
 Summon Lightning Spire   Summ/Air       #.......     100%        4    #####..
 Summon Guardian Golem    Hex/Summ       #.......     100%        3    ####...


Dungeon Overview and Level Annotations

Branches:
Dungeon (12/15)            Temple (1/1) D:4            Lair (0/6) D:10
    Orc (2/2) D:9
    Elf: Orc:2

Altars:
Ashenzari
Cheibriados
Dithmenos
Elyvilon
Fedhas
Gozag
Hepliaklqana
Kikubaaqudgha
Makhleb
Nemelex Xobeh
Okawaru
Qazlal
Ru
Sif Muna
Trog
Uskayaw
Vehumet
Wu Jian
Xom
Yredelemnul
Zin
The Shining One
Beogh
Jiyva

Shops:
D:10 (   D:11 *

Annotations:
D:5 2 transporters
Orc:1 Donald


Innate Abilities, Weirdness & Mutations

You reflexively headbutt those who attack you in melee.
You have a pair of horns on your head.
You have sharp toenails.
Your system is resistant to poisons. (rPois)


Message History

There is a stone staircase leading up here.
Donald mumbles some strange words.
Donald seems to grow stronger.
Donald gestures wildly while chanting.
Donald seems to speed up.
Donald says, "Why is it so dark?
Have they never heard of torches?"
Donald hits you with a scimitar!!
You climb upwards.
There is a stone staircase leading down here.
Donald blocks your attack. Donald hits you with a scimitar!
Use which ability? (? or * to list)
You gain the combat prowess of a mighty hero.
Donald hits you but does no damage. Donald hits you with a scimitar!!
Donald blocks your attack. Donald hits you with a scimitar!!!
* * * LOW HITPOINT WARNING * * *
Okay, then.
You see here 21 gold pieces.
You block Donald's attack. Donald hits you with a scimitar!
You die...

#...##.......$....##
#..$#........$.#.##
##...#...........###
#..............$...###
##....................##
#...........$...#......#
##..........#$........##
##....................#
###........#.@.........##
##.........##@.....)...##
#...$#.....$....#...####
##..##.....[.......##
#.......><..[....##
##.##...)[.[......## #
#####........##...# ##
##.###...#....#..##
.####...#.....#......#


You could see Donald.

Vanquished Creatures
  Azrael (D:12)
  2 hydras (D:12)
  3 two-headed ogres
  An unseen horror (D:12)
  An orc knight (D:9)
  2 ugly things (D:11)
  An orc sorcerer (D:9)
  A manticore (D:12)
  3 centaur zombies
  A gargoyle (D:12)
  2 trolls (D:10)
  7 slime creatures (D:12)
  Prince Ribbit (D:8)
  2 hippogriffs
  14 yaks
  3 wyverns
  2 fire elementals (D:12)
  2 hungry ghosts
  A water moccasin (D:11)
  A warg (D:9)
  4 porcupines (D:10)
  2 hell hounds (D:12)
  2 phantoms
  3 black bears
  5 ice beasts
  10 orc warriors
  4 sky beasts
  13 ogres
  2 wolves (D:10)
  4 centaurs
  4 crocodiles (D:10)
  6 big kobolds
  An elf zombie (Ossuary)
  6 bullfrogs
  4 scorpions
  6 killer bees
  3 wights (D:6)
  4 howler monkeys
  An electric eel (D:6)
  6 crimson imps
  2 bullfrog zombies
  A quasit (D:10)
  10 orc priests
  A centaur skeleton (D:12)
  7 hounds
  2 bullfrog skeletons
  2 human zombies (Ossuary)
  6 jellies
  14 orc wizards
  A gnoll shaman (D:6)
  6 iguanas
  8 worker ants
  2 mummies (Ossuary)
  Robin (D:2)
  7 gnolls
  A howler monkey skeleton (D:8)
  12 adders
  5 shadow imps
  An adder skeleton (D:6)
  3 adder zombies
  3 worms
  3 dart slugs
  2 leopard geckos
  69 orcs
  11 giant cockroaches
  10 goblins
  16 hobgoblins
  7 jackals
  4 quokkas
  10 bats
  3 frilled lizards
  3 goblin zombies (Ossuary)
  13 hobgoblin zombies (Ossuary)
  A jackal skeleton (D:4)
  A jackal zombie (Ossuary)
  22 kobolds
  6 kobold zombies (Ossuary)
  9 orc zombies (Ossuary)
  A quokka zombie (D:5)
  10 rats
  A rat zombie (Ossuary)
  A fungus (D:7)
439 creatures vanquished.

Vanquished Creatures (others)
  An orc high priest (Orc:1)
  3 yaks (D:11)
  2 orc warriors (D:9)
  An eye of draining (D:12)
  A centaur (D:11)
  A crocodile (D:11)
  A killer bee (D:12)
  A quokka (D:11)
11 creatures vanquished.

Grand Total: 450 creatures vanquished

Notes
Turn   | Place    | Note
-------+----------+-------------------------------------------
     0 | D:1      | vinnietd the Minotaur Fighter began the quest for the Orb.
     0 | D:1      | Reached XP level 1. HP: 19/19 MP: 0/0
   124 | D:1      | Reached skill level 3 in Maces & Flails
   275 | D:1      | Reached XP level 2. HP: 27/27 MP: 1/1
   607 | D:1      | Reached XP level 3. HP: 31/33 MP: 2/2
   880 | D:1      | Found an ancient bone altar of Kikubaaqudgha.
  1033 | D:2      | Reached skill level 4 in Maces & Flails
  1627 | D:2      | Found a glowing golden altar of the Shining One.
  1628 | D:2      | Reached XP level 4. HP: 41/41 MP: 3/3
  1687 | D:3      | Noticed Robin
  1711 | D:2      | Killed Robin
  1837 | D:3      | Found a burning altar of Makhleb.
  1878 | D:3      | Reached skill level 5 in Maces & Flails
  1979 | D:3      | Found a faded altar of an unknown god.
  2770 | D:4      | Reached XP level 5. HP: 47/47 MP: 4/4
  2789 | D:4      | Reached skill level 5 in Fighting
  3056 | D:4      | Noticed an ogre
  3069 | D:4      | HP: 2/48 [ogre/giant spiked club (26)]
  3070 | D:4      | Killed an ogre
  3070 | D:4      | Reached skill level 6 in Maces & Flails
  3070 | D:4      | Reached XP level 6. HP: 3/56 MP: 5/5
  3386 | D:4      | Found a blossoming altar of Fedhas.
  3788 | D:4      | Reached skill level 7 in Maces & Flails
  3954 | D:4      | Found a staircase to the Ecumenical Temple.
  4088 | D:4      | Found a shadowy altar of Dithmenos.
  4090 | D:4      | Found a sacrificial altar of Ru.
  4175 | D:4      | Noticed a sky beast
  4180 | D:4      | Killed a sky beast
  4180 | D:4      | Reached XP level 7. HP: 64/64 MP: 6/6
  4206 | D:5      | Entered Level 5 of the Dungeon
  4301 | D:5      | Reached skill level 8 in Maces & Flails
  4345 | D:5      | Found a transporter.
  4348 | D:5      | Found a transporter.
  4663 | D:5      | Found a sparkling altar of Nemelex Xobeh.
  4664 | D:5      | Noticed a centaur warrior
  4672 | Temple   | Entered the Ecumenical Temple
  4845 | Temple   | Became a worshipper of Warmaster Okawaru
  5382 | D:5      | Reached skill level 1 in Throwing
  5525 | D:5      | Reached skill level 9 in Maces & Flails
  5914 | D:6      | Reached XP level 8. HP: 54/73 MP: 7/7
  6335 | D:6      | Gained mutation: You are resistant to hostile enchantments. (MR+) [potion of mutation]
  6335 | D:6      | Lost mutation: You are resistant to hostile enchantments. (MR+) [potion of mutation]
  6335 | D:6      | Gained mutation: Your system is resistant to poisons. (rPois) [potion of mutation]
  6335 | D:6      | Gained mutation: You have sharp toenails. [potion of mutation]
  6364 | D:6      | Reached * piety under Okawaru
  6364 | D:6      | Reached skill level 10 in Maces & Flails
  7481 | D:6      | Reached XP level 9. HP: 82/82 MP: 8/8
  7512 | D:6      | Reached ** piety under Okawaru
  7512 | D:6      | Reached skill level 11 in Maces & Flails
  8432 | D:7      | Reached skill level 5 in Throwing
  8509 | D:7      | Found the +9 heavy crossbow "Sniper" {velocity, Acc+∞ SInv}
  8585 | D:7      | Reached skill level 12 in Maces & Flails
  8792 | D:7      | Found a sand-covered staircase.
  8834 | Ossuary  | Entered an ossuary
  9001 | Ossuary  | Reached *** piety under Okawaru
  9001 | Ossuary  | Reached skill level 1 in Crossbows
  9565 | D:8      | Noticed a two-headed ogre
  9565 | D:8      | Noticed a two-headed ogre
  9648 | D:7      | Killed a two-headed ogre
  9648 | D:7      | Received a gift from Okawaru
  9648 | D:7      | Reached XP level 10. HP: 45/93 MP: 6/9
  9894 | D:8      | Reached skill level 10 in Fighting
  9894 | D:8      | Reached skill level 13 in Maces & Flails
 10178 | D:8      | Killed a two-headed ogre
 10178 | D:8      | Reached **** piety under Okawaru
 10310 | D:8      | Noticed Prince Ribbit
 10311 | D:8      | Found a viscous altar of Jiyva.
 10341 | D:8      | Killed Prince Ribbit
 10341 | D:8      | Reached skill level 14 in Maces & Flails
 10651 | D:8      | Received a gift from Okawaru
 11160 | D:9      | Found a staircase to the Orcish Mines.
 11384 | D:9      | Reached skill level 1 in Invocations
 11796 | D:10     | Entered Level 10 of the Dungeon
 11815 | D:10     | Reached ***** piety under Okawaru
 11852 | D:10     | Reached XP level 11. HP: 102/102 MP: 11/11
 11921 | D:10     | Received a gift from Okawaru
 11924 | D:10     | Reached skill level 15 in Maces & Flails
 11943 | D:10     | Found a staircase to the Lair.
 12163 | D:10     | Received a gift from Okawaru
 12503 | D:10     | Found Epli's Antique Weapon Shoppe.
 12512 | D:10     | Bought a glowing flail for 195 gold pieces
 12695 | D:10     | Found a roughly hewn altar of Beogh.
 12964 | D:11     | Noticed a cyan ugly thing
 13194 | D:11     | Killed a cyan ugly thing
 13194 | D:11     | Reached skill level 5 in Invocations
 13529 | D:11     | Noticed a two-headed ogre
 13537 | D:11     | Killed a two-headed ogre
 13537 | D:11     | Received a gift from Okawaru
 13573 | D:11     | Noticed a purple ugly thing
 13604 | D:11     | Paralysed by an orc warrior for 4 turns
 13621 | D:11     | Found Cesudi's Demolitions Depot.
 13980 | D:11     | Killed a purple ugly thing
 14311 | D:12     | Got a pair of transparent boots
 14317 | D:12     | Identified the +2 pair of boots "Hicrusev" {*Drain rF+++ rC+ Dex+5} (You found it on level 12 of the Dungeon)
 14347 | D:12     | Noticed a four-headed hydra
 14361 | D:12     | Killed a four-headed hydra
 14361 | D:12     | Reached XP level 12. HP: 91/115 MP: 15/15
 14908 | D:12     | Noticed an eight-headed hydra
 14915 | D:12     | Killed an eight-headed hydra
 14928 | D:12     | Noticed Azrael
 14940 | D:12     | Killed Azrael
 15564 | Orc:1    | Entered Level 1 of the Orcish Mines
 15564 | Orc:1    | Noticed an orc high priest
 16207 | D:9      | Received a gift from Okawaru
 16590 | Orc:1    | Banished an orc high priest
 16775 | Orc:2    | Entered Level 2 of the Orcish Mines
 16775 | Orc:2    | Noticed Donald
 16790 | Orc:1    | Slain by Donald

Vault maps used:
D:1:      dpeg_arrival_water_altar
D:2:      lemuel_coloured_pillars_altar
D:3:      lightli_temple_of_fire, chequers_ecumenical_altar_twisty,
          first_ration, uniq_robin
D:4:      fedhas_altar_3, minitemple, minmay_temple_entry_from_below_a
D:5:      kennysheep_spiral_hall, gammafunk_temple_overflow_arena
D:6:      kennysheep_housing_project, grunt_decor_clamped, dk_vineyard_3,
          corexii_corridor_pit, minivault_4, kennysheep_crisscross,
          serial_bayou_pond_c
D:7:      nicolae_ossuary_entry_ruins, grunt_ogre_cave, st_stairs_3,
          minmay_gold_behind_fungi
D:8:      jiyva_altar_1, uniq_prince_ribbit1
D:9:      orc_0_dummy, st_stairs_12
D:10:     minmay_lair_entry_grove, special_room, serial_shops, shop_fountains
D:11:     nicolae_blasting_shop
D:12:     uniq_azrael
Temple:   eino_temple_scatter_basement
Orc:1:    gammafunk_ghost_necromancy
Orc:2:    st_orc_mages, serial_shops, shop_fountains, uniq_donald
Ossuary:  ossuary_tomb_1

Skill      XL: |  1  2  3  4  5  6  7  8  9 10 11 12 |
---------------+-------------------------------------+-----
Maces & Flails | 3 4 5 6 7 9 10 12 14 15 | 15.4
Fighting       | 4 5 6 7 8 9 11 13 14 | 14.0
Throwing       | 1 3 5 6 8 |  8.3
Crossbows      | 2 |  2.6
Invocations    | 1 6 7 |  7.9
Armour         | |  3.6
Shields        | |  3.6

Action                   |  1- 3 |  4- 6 |  7- 9 | 10-12 || total
-------------------------+-------+-------+-------+-------++-------
Melee: Flail             |    97 |   157 |   198 |   342 ||   794
       Headbutt          |     9 |    26 |    55 |   117 ||   207
       Kick              |       |       |    79 |   113 ||   192
       Morningstar       |       |       |   182 |   229 ||   411
Throw: Tomahawk          |       |       |     5 |       ||     5
       Throwing net      |       |       |     1 |     1 ||     2
Invok: Heroism           |       |       |     1 |     5 ||     6
  Use: Potion            |       |     3 |     6 |       ||     9
       Scroll            |       |       |    11 |     3 ||    14
 Stab: Held in net/web   |       |       |       |     1 ||     1
  Eat: Chunk             |     2 |     5 |    13 |    18 ||    38
       Ration            |       |     1 |     1 |     3 ||     5
Armor: Scale mail        |    39 |    39 |       |       ||    78
       Plate armour      |       |    28 |   150 |   218 ||   396
Dodge: Dodged            |    27 |    42 |    39 |    77 ||   185
       Deflected         |       |       |       |     2 ||     2
Block: Shield            |    50 |    77 |   120 |   267 ||   514

Table legend:
 A = Spawn XP
 B = Non-spawn XP
 C = Spawn XP percentage of total XP
 D = Spawn monster count
 E = Non-spawn monster count
 F = Spawn count percentage of total count
 G = Total turns spent on level
                    A         B        C        D         E        F      G
               +---------+---------+-------+---------+---------+-------+---------
         Total |       0 |   32308 |   0.0 |       0 |     448 |   0.0 | 16790
               +---------+---------+-------+---------+---------+-------+---------
           D:1 |       0 |      43 |   0.0 |       0 |      25 |   0.0 |   895
           D:2 |       0 |      76 |   0.0 |       0 |      25 |   0.0 |   809
           D:3 |       0 |      70 |   0.0 |       0 |      21 |   0.0 |  1274
           D:4 |       0 |     650 |   0.0 |       0 |      23 |   0.0 |  1243
           D:5 |       0 |     458 |   0.0 |       0 |      21 |   0.0 |  1485
           D:6 |       0 |    2750 |   0.0 |       0 |      61 |   0.0 |  2312
           D:7 |       0 |    1376 |   0.0 |       0 |      11 |   0.0 |  1449
           D:8 |       0 |    3403 |   0.0 |       0 |      48 |   0.0 |  1192
           D:9 |       0 |    3743 |   0.0 |       0 |      42 |   0.0 |  1725
          D:10 |       0 |    5034 |   0.0 |       0 |      54 |   0.0 |  1202
          D:11 |       0 |    4909 |   0.0 |       0 |      33 |   0.0 |  1141
          D:12 |       0 |    8606 |   0.0 |       0 |      37 |   0.0 |  1408
         Orc:1 |       0 |     932 |   0.0 |       0 |       8 |   0.0 |   249
       Ossuary |       0 |     258 |   0.0 |       0 |      39 |   0.0 |   213
               +---------+---------+-------+---------+---------+-------+---------
